Map: Goldenaura LE

Players

DaveTestaSC - Winner!

  • Race: Protoss Protoss
  • League: Diamond
  • Spawn Location: 5:00

MacroMonster

  • Race: Zerg Zerg
  • League: Platinum
  • Spawn Location: 12:00

VOD

Have the link to the VOD?

Description

Time

  • Played on: June 29, 2024, 5:26 p.m.
  • Length: 7:27
Show
View Real Time Build Order
Export as new Build Order

DaveTestaSC Protoss - Winner!

Build Orders: 1 Gate Expand, Zealot Archon, Archon Drop, Dark Templar Rush 

Get SALT Encoding   

  12  0:00  Probe  
  13  0:13  Probe  
  14  0:25  Pylon  
  14  0:27  Probe  
  15  0:43  Probe (Chrono Boost)  
  15  0:48  Gateway  
  16  0:54  Assimilator  
  16  0:55  Probe (Chrono Boost)  
  17  0:59  Probe (Chrono Boost)  
  18  1:09  Probe  
  19  1:21  Probe  
  20  1:28  Nexus  
  20  1:38  Cybernetics Core  
  20  1:40  Probe  
  21  1:57  Probe  
  21  2:01  Assimilator, Pylon  
  22  2:09  Probe  
  23  2:19  Adept (Chrono Boost)  
  23  2:22  Twilight Council  
  25  2:23  Probe  
  25  2:25  Warp Gate (Chrono Boost)  
  26  2:35  Probe  
  27  2:41  Assimilator  
  27  2:45  Probe  
  27  2:47  Probe  
  27  2:50  Robotics Facility  
  29  2:57  Probe  
  30  3:04  Probe  
  31  3:06  Gateway  
  31  3:09  Probe  
  32  3:16  Probe  
  32  3:18  Dark Shrine  
  33  3:25  Gateway  
  33  3:33  Gateway  
  33  3:35  Probe  
  33  3:40  Probe  
  35  3:46  Warp Prism (Chrono Boost)  
  35  3:51  Probe  
  38  3:57  Pylon  
  38  4:01  Assimilator  
  38  4:07  Probe  
  38  4:08  Probe  
  40  4:12  Pylon  
  40  4:19  Probe  
  40  4:21  Charge (Chrono Boost), Probe  
  42  4:25  Forge  
  43  4:34  Pylon  
  44  4:39  Dark Templar  
  44  4:42  Dark Templar  
  44  4:43  Dark Templar  
  48  4:47  Dark Templar  
  48  4:49  Probe  
  51  4:53  Probe  
  51  4:59  Gateway  
  52  5:01  Probe  
  53  5:07  Probe  
  54  5:16  Dark Templar x3  
  60  5:24  Zealot  
  60  5:27  Protoss Ground Weapons Level 1 (Chrono Boost)  
  62  5:35  Gateway  
  62  5:41  Probe  
  63  5:43  Immortal (Chrono Boost)  
  63  5:45  Gateway  
  63  5:48  Zealot  
  69  5:52  Pylon  
  69  6:00  Pylon  
  69  6:03  Pylon  
  69  6:04  Pylon  
  67  6:16  Stalker x3  
  67  6:18  Photon Cannon  
  73  6:21  Dark Templar x2  
  77  6:27  Archon x2  
  77  6:28  Archon  
  73  6:33  Zealot  
  75  6:43  Zealot x2  
  79  6:51  Observer  
  80  6:57  Archon  
  80  7:01  Zealot  
  80  7:02  Zealot x2  
  80  7:05  Dark Templar x2  
  80  7:06  Zealot  
  90  7:09  Probe x2  
  90  7:13  Zealot  
Show
View Real Time Build Order
Export as new Build Order

MacroMonster Zerg 

Build Orders: Hatch First 

Get SALT Encoding   

  12  0:00  Drone  
  13  0:18  Overlord  
  13  0:19  Drone  
  14  0:36  Drone x2  
  16  0:53  Hatchery  
  16  0:55  Drone  
  16  0:58  Drone  
  16  1:02  Drone  
  18  1:14  Extractor  
  17  1:19  Spawning Pool  
  17  1:23  Drone  
  17  1:25  Drone  
  18  1:33  Drone  
  19  1:46  Drone  
  20  1:57  Drone  
  21  2:06  Queen x2  
  21  2:07  Zergling x4  
  27  2:23  Hatchery  
  27  2:29  Overlord  
  26  2:32  Metabolic Boost  
  27  2:37  Drone  
  27  2:38  Drone  
  28  2:48  Overlord  
  28  2:49  Drone x2  
  30  2:55  Drone x2  
  32  3:02  Drone x2  
  34  3:08  Queen  
  36  3:19  Overlord  
  37  3:20  Drone x3  
  37  3:21  Drone  
  40  3:33  Overlord x2  
  40  3:35  Drone x2  
  40  3:36  Drone  
  43  3:52  Zergling x16  
  51  4:01  Baneling Nest  
  50  4:05  Drone x4  
  54  4:21  Drone x5  
  59  4:24  Queen  
  59  4:25  Queen  
  59  4:30  Extractor  
  62  4:32  Extractor  
  61  4:47  Overlord x2  
  61  4:50  Drone x4  
  61  4:51  Drone x2  
  67  4:57  Overlord x3  
  67  5:05  Roach Warren  
  66  5:12  Spore Crawler  
  65  5:15  Spore Crawler  
  65  5:16  Zergling x24  
  61  5:29  Drone x5  
  60  5:43  Spore Crawler  
  53  5:57  Hatchery  
  49  6:07  Spawning Pool  
  45  6:35  Drone x6  
  49  6:43  Spawning Pool  
  40  7:05  Spine Crawler  
  40  7:07  Spine Crawler  
Tags
 
Add a new tag
Caveats
  • Supply blocks, unpowered buildings, or Contaminate may cause inaccurate times.
  • Supply counts are checked every 10 seconds.